Unix NetHack Version 5.0.0-0 post-release - last build Jun 10 2026 00:39:30 (3ee93aec679c4c4259841fe613dc97188e26a321,branch:main).

Game began 2026-07-10 16:46:41, ended 2026-07-10 16:50:56.

Brudee, chaotic female human Rogue

                                                                -------
                                    -------------              #..*..*|
                                    ............             ###|....%|
                                    |.........               #  -.-----
                                    |.......              ####   ##
                                     ..e..                #       ####
                                      -@-                 #          #
                                       #d####             #          #
                                            ##            #          ###
                                             ######       #      ------.----
                                                  ####### #      |......<..|
                                                        # #      |.........|
                                                       #####     ...{......|
                                             -----------.-#      |.........|
                                             |............#      |.........|
                                             ............|       |.........|
                                             |...........|       -----------
                                             -------------

Brudee the Footpad      St:14 Dx:18 Co:14 In:12 Wi:12 Ch:8  Chaotic S:263
Dlvl:4  $:21 HP:0(15) Pw:8(8) AC:7  Xp:2/23 T:545 

Latest messages:
 m - a +0 dagger (at the ready) (8 in total).
 m - a +0 dagger (at the ready) (9 in total).
 There is a doorway here.
 You see here a bat corpse.
 m - a +0 dagger (at the ready) (10 in total).
 That door is closed.
 The door opens.
 In what direction? l
 You throw 2 daggers.
 The 1st dagger hits the coyote.
 The 2nd dagger hits the coyote.
 You kill the coyote!
 m - 2 +0 daggers (at the ready) (10 in total).
 You find a hidden passage.
 The grid bug bites!
 You get zapped!
 You kill the grid bug!
 You kill the lichen!
 Welcome to experience level 2.
 You see here a lichen corpse.
 g - a lichen corpse (2 in total).
 $ - 4 gold pieces (8 in total).
 You descend the stairs.
 You see here a tripe ration.
 n - a tripe ration.
 You find a hidden passage.
 A trap door in the ceiling opens and a rock falls on your head!
 o - 8 bamboo arrows.
 A trap door in the ceiling opens and a rock falls on your head!
 There is a falling rock trap here.
 You see here a rock.
 You find a falling rock trap.
 Really step onto that falling rock trap? [yn] (n) y
 There is a falling rock trap here.
 You escape a falling rock trap.
 p - a long sword.
 $ - 13 gold pieces (21 in total).
 You hit the floating eye!
 You are frozen by the floating eye's gaze!
 The fox bites!
 The fox bites!
 The fox bites!
 The fox bites!
 The fox bites!
 The fox bites!
 The fox bites!
 The fox bites!
 The fox bites!
 You die...
 Do you want your possessions identified? [ynq] (y) q

Inventory:
 Coins    ('$')
  $ - 21 gold pieces
 Weapons  (')')
  o - 8 cursed +0 ya
  b - a +0 dagger (alternate weapon; not wielded)
  m - 10 +0 daggers (at the ready)
  p - a cursed +0 long sword
  a - a +0 short sword (weapon in right hand)
 Armor    ('[')
  c - an uncursed +1 leather armor (being worn)
 Comestibles  ('%')
  i - an uncursed cram ration
  n - an uncursed tripe ration
  g - 2 uncursed lichen corpses
 Scrolls  ('?')
  k - an uncursed scroll of enchant armor
  h - an uncursed scroll of taming
 Potions  ('!')
  d - 2 uncursed potions of sickness
 Tools    ('(')
  f - an empty uncursed sack
  l - an expensive camera (0:97)
  e - an uncursed lock pick

Brudee the Rogue's attributes:

Background:
 You were a Footpad, a level 2 female human Rogue.
 You were chaotic, on a mission for Kos
 who was opposed by Issek (lawful) and Mog (neutral).
 You were right-handed.
 You were in the Dungeons of Doom, on level 4.
 You entered the dungeon 545 turns ago.
 You had 23 experience points, 17 more were needed to attain level 3.
 Your score was 263 before end-of-game adjustments.

Basics:
 You had 0 out of 15 hit points.
 You had all 8 energy points (spell power).
 Your armor class was 7.
 Your wallet contained 21 zorkmids.
 Autopickup was on for '$!=+?/"' plus thrown.

Final Characteristics:
 Your strength was 14 (limit:18/100).
 Your dexterity was 18 (limit:18).
 Your constitution was 14 (limit:18).
 Your intelligence was 12 (limit:18).
 Your wisdom was 12 (limit:18).
 Your charisma was 8 (limit:18).

Final Status:
 You weren't hungry.
 You were unencumbered.
 You were wielding a short sword.
 You had basic skill with short sword.

Final Attributes:
 You were fervently aligned.
 You were stealthy.
 You were warded.
 You are dead.

Miscellaneous:
 You didn't encounter any bones levels.
 Total elapsed playing time was 4 minutes and 14 seconds.

Major events:
 Turn
    1: Brudee the chaotic female human Rogue entered the dungeon
   55: entered the Gnomish Mines
  545: killed by a fox, while frozen by a floating eye's gaze

You didn't know any spells.

Skills:
 Fighting Skills
   bare handed combat [Unskilled]
   two weapon combat  [Unskilled]
   riding             [Unskilled]
 Weapon Skills
   dagger             [Basic]
   knife              [Unskilled]
   short sword        [Basic]
   broadsword         [Unskilled]
   long sword         [Unskilled]
   two-handed sword   [Unskilled]
   saber              [Unskilled]
   club               [Unskilled]
   mace               [Unskilled]
   morning star       [Unskilled]
   flail              [Unskilled]
   hammer             [Unskilled]
   polearms           [Unskilled]
   spear              [Unskilled]
   crossbow           [Unskilled]
   dart               [Unskilled]
   shuriken           [Unskilled]
 Spellcasting Skills
   divination spells  [Unskilled]
   escape spells      [Unskilled]
   matter spells      [Unskilled]

Voluntary challenges:
 Character rerolling was not enabled.
 You were an atheist.
 You were illiterate.
 You never genocided any monsters.
 You never polymorphed an object.
 You never changed form.
 You used no wishes.
Achievement:
 You entered the Gnomish Mines.

 The Dungeons of Doom: levels 1 to 4
    Level 1:
    Level 2:
       Stairs down to The Gnomish Mines.
    Level 3:
    Level 4: <- You were here.
       A fountain.
       Final resting place for
          you, killed by a fox, while frozen by a floating eye's gaze.
 The Gnomish Mines:
    Level 3:


Vanquished creatures:
 an acid blob
  a coyote
  2 jackals
  a fox
  a grid bug
  a bat
  2 lichens
9 creatures vanquished.

No species were genocided or became extinct.

Game over:
                       ----------
                      /          \
                     /    REST    \
                    /      IN      \
                   /     PEACE      \
                  /                  \
                  |      Brudee      |
                  |      21 Au       |
                  | killed by a fox  |
                  |                  |
                  |                  |
                  |                  |
                  |       2026       |
                 *|     *  *  *      | *
        _________)/\\_//(\/(/\)/\//\/|_)_______

Goodbye Brudee the Rogue...

You died in The Dungeons of Doom on dungeon level 4 with 261 points,
and 21 pieces of gold, after 545 moves.
You were level 2 with a maximum of 15 hit points when you died.

